 Dungeon Crawl Stone Soup version 0.20.0-15-g7f486f2 (webtiles) character file.

43297 Pikken the Brawler (level 13, -13/131 HPs)
             Began as a Troll Monk on June 18, 2017.
             Was an Elder of Trog.
             Mangled by a komodo dragon (23 damage)
             ... on level 5 of the Lair of Beasts.
             The game lasted 00:59:57 (14165 turns).

Pikken the Brawler (Troll Monk)                    Turns: 14165, Time: 00:59:58

Health: -13/131    AC: 14    Str: 25    XL:     13   Next: 90%
Magic:  0/12       EV: 16    Int:  9    God:    Trog [****..]
Gold:   836        SH:  0    Dex: 16    Spells: 12/12 levels left

rFire    . . .     SeeInvis .     - Unarmed
rCold    . . .     Gourm    +   (no shield)
rNeg     . . .     Faith    .   y - +0 swamp dragon scales
rPois    +         Spirit   +   k - +1 hat
rElec    .         Reflect  .   K - +1 cloak
rCorr    .         Harm     .   (gloves unavailable)
MR       .....     Rnd*Tele +   (boots unavailable)
Stlth    ++........             g - amulet of guardian spirit
Regen    0.8/turn               P - +3 ring of strength
MPRegen  0.2/turn               F - +3 ring of intelligence

@: berserk cooldown, slowed, very slow
A: unfitting armour, antennae 1, claws 3, fast metabolism 3, gourmand, mutation
resistance 1, regeneration 1, shaggy fur 1, teleportitis 1, tough skin 2
a: Berserk, Trog's Hand, Brothers in Arms, Burn Spellbooks, Renounce Religion


You were on level 5 of the Lair of Beasts.
You worshipped Trog.
Trog was greatly pleased with you.
You were full.

You visited 3 branches of the dungeon, and saw 18 of its levels.

You collected 983 gold pieces.
You spent 147 gold pieces at shops.

Inventory:

Armour
 k - a +1 hat (worn)
 y - +0 swamp dragon scales (worn)
 K - a +1 cloak (worn)
 V - a +1 robe of cold resistance
Jewellery
 g - an amulet of guardian spirit (around neck)
 F - a +3 ring of intelligence (right claw)
 P - a +3 ring of strength (left claw)
 U - an uncursed ring of ice
Wands
 a - a wand of lightning (6/15)
 i - a wand of iceblast (10/15)
 o - a wand of enslavement (10/24)
 p - a wand of confusion (28/48)
 v - a wand of flame (25/48)
 w - a wand of digging (11/24)
 A - a wand of acid (9/15)
 I - a wand of flame (22/48)
 J - a wand of disintegration (10/24)
 N - a wand of paralysis (13/24)
 O - a wand of random effects (11/48)
 Q - a wand of paralysis (18/24)
 R - a wand of polymorph (9/24)
 S - a wand of polymorph (19/24)
 T - a wand of lightning (10/15)
 Y - a wand of lightning (8/15)
 Z - a wand of lightning (5/15)
Scrolls
 c - 8 scrolls of amnesia
 d - 4 scrolls of identify
 e - 4 scrolls of recharging
 f - 3 scrolls of enchant weapon
 h - 2 scrolls of brand weapon
 m - a scroll of fog
 r - 3 scrolls of remove curse
 t - 2 scrolls of magic mapping
 z - a scroll of silence
 C - 3 scrolls of fear
 D - 2 scrolls of summoning
 M - a scroll of teleportation
 W - a scroll of noise {unknown}
 X - a scroll of blinking {unknown}
Potions
 n - 3 potions of flight
 x - 2 potions of berserk rage
 B - 2 potions of might
 E - a potion of brilliance
 G - 2 potions of resistance
 H - a potion of haste
 L - a potion of curing
Comestibles
 b - 16 bread rations
 j - 5 meat rations
 l - 14 fruits
 s - 3 royal jellies


   Skills:
 * Level 9.3 Fighting
 * Level 3.3 Armour
 * Level 10.4 Dodging
 - Level 4.7 Stealth
 + Level 16.0 Unarmed Combat


You had 12 spell levels left.
You didn't know any spells.

Dungeon Overview and Level Annotations

Branches:
Dungeon (11/15)            Temple (1/1) D:6            Lair (6/6) D:9
 Shoals (0/4) Lair:3        Snake (0/4) Lair:4
  Slime: Lair:5-6       Orc: D:9-12

Altars:
Ashenzari
Elyvilon
Fedhas
Gozag
Kikubaaqudgha
Nemelex Xobeh
Okawaru
Ru
Sif Muna
Trog
Uskayaw
Vehumet
Xom
Yredelemnul
Zin

Shops:
D:6 *


Innate Abilities, Weirdness & Mutations

You are too large for most types of armour.
You have claws for hands.
Your metabolism is lightning-fast.
You like to eat raw meat.
Your natural rate of healing is unusually fast.
You are covered in fur. (AC +1)
You have very tough skin. (AC +2)
You have a pair of small antennae on your head.
You are somewhat resistant to further mutation.
You are occasionally teleported next to monsters.


Message History

The blink frog misses you. The komodo dragon barely misses you.
The blink frog closely misses you. x2
You feel much better.
The komodo dragon bites you but does no damage.
The blink frog blinks!
The komodo dragon bites you.
* * * LOW HITPOINT WARNING * * *
You barely miss the yak.
The yak is severely wounded.
The komodo dragon bites you but does no damage.
The yak gores you.
* * * LOW HITPOINT WARNING * * *
You eviscerate the yak!!!
You kill the yak!
Trog accepts your kill. The komodo dragon bites you!!
* * * LOW HITPOINT WARNING * * *
The komodo dragon completely misses you.
The blink frog blinks!
The komodo dragon barely misses you. The komodo dragon bites you!!
You die...

.......#............P.#.####
#......###.....#.......####
###P#...####..#.#.......#.##
####### #.P##...#.....#.#####
#..#...##........##.#
#......###P.....#..## ###....#
#P.PP....P## #P.>.# ####P......#
##..@## ###....## #.#l.## ####P#
##....#### ###
##......#.########.#
##....F.......#.....##
#####....:.=.............#
###.#....##...............##
####....P.†..#.....#..........##
##.#P..P......##..(#.PP.........#


You could see a komodo dragon and a blink frog.

Vanquished Creatures
  Fannar (Lair:3)
  2 hydras
  The ghost of Glitchraptor the Basher, a novice MiFi of Okawaru (Lair:1)
  6 two-headed ogres
  A queen ant (Lair:2)
  3 death yaks (Lair:5)
  2 swamp dragons (Lair:5)
  Pikel (D:9)
  5 black mambas
  17 spiny frogs
  6 komodo dragons
  A rime drake (Lair:6)
  A troll (D:10)
  2 polar bears
  5 hornets
  18 blink frogs
  6 hippogriffs
  Sigmund (D:4)
  12 spriggans (Lair:4)
  4 wyverns
  3 vampire mosquitoes
  12 yaks
  A hungry ghost (D:10)
  9 swamp worms
  11 soldier ants (Lair:2)
  3 wargs (D:9)
  14 water moccasins
  5 porcupines
  2 ice beasts (D:9)
  3 slaves (D:9)
  4 sky beasts
  An orc warrior (D:8)
  3 boggarts (Lair:4)
  2 ogres (D:7)
  9 wolves (Lair:2)
  A necrophage (D:6)
  5 centaurs
  6 crocodiles
  15 bullfrogs
  3 scorpions
  A water moccasin skeleton (D:10)
  10 killer bees
  9 wights
  3 howler monkeys (D:9)
  5 crimson imps
  4 jellies
  6 orc priests
  3 bullfrog zombies
  5 hounds
  Crazy Yiuf (D:4)
  7 orc wizards
  3 iguanas
  Terence (D:3)
  Natasha (thrice) (D:3)
  37 worker ants
  2 hound skeletons (D:6)
  A worker ant zombie (D:9)
  Robin (D:4)
  A howler monkey skeleton (D:10)
  6 adders
  A shadow imp (D:9)
  12 oozes
  An adder zombie (D:6)
  15 worms
  2 dart slugs (D:1)
  4 leopard geckos
  22 orcs
  4 giant cockroaches
  12 hobgoblins
  10 jackals
  16 kobolds
  6 quokkas
  A ball python (D:4)
  9 bats
  2 frilled lizards
  16 goblins
  A quokka skeleton (D:7)
  A quokka zombie (D:8)
  A fungus (Lair:5)
  3 plants (Lair:3)
455 creatures vanquished.

Vanquished Creatures (collateral kills)
  2 hydras
  4 spiny frogs
  A slime creature (Lair:5)
  A hippogriff (Lair:6)
  A wyvern (Lair:4)
  A basilisk (Lair:4)
  A vampire mosquito (Lair:5)
  A swamp worm (Lair:5)
  A bullfrog (Lair:6)
  2 worker ants (Lair:2)
15 creatures vanquished.

Vanquished Creatures (others)
  A slave (D:9)
  8 fungi
  29 plants
  8 toadstools (D:2)
46 creatures vanquished.

Grand Total: 516 creatures vanquished

Notes
Turn   | Place    | Note
-------+----------+-------------------------------------------
     0 | D:1      | Pikken the Troll Monk began the quest for the Orb.
     0 | D:1      | Reached XP level 1. HP: 22/22 MP: 0/0
   301 | D:1      | Reached XP level 2. HP: 29/29 MP: 1/1
   738 | D:2      | Reached XP level 3. HP: 36/36 MP: 2/2
   965 | D:2      | Reached skill level 4 in Unarmed Combat
   965 | D:2      | Reached XP level 4. HP: 19/44 MP: 3/3
  1024 | D:2      | Reached XP level 5. HP: 41/53 MP: 4/4
  1494 | D:2      | Reached skill level 5 in Unarmed Combat
  1595 | D:3      | Noticed Terence
  1606 | D:3      | Killed Terence
  1606 | D:3      | Reached XP level 6. HP: 61/61 MP: 5/5
  1634 | D:3      | Noticed Natasha
  1639 | D:3      | Killed Natasha
  1662 | D:3      | Noticed Natasha
  1667 | D:3      | Found a faded altar of an unknown god.
  1669 | D:3      | Killed Natasha
  1851 | D:3      | Noticed Natasha
  1864 | D:3      | Killed Natasha
  2266 | D:4      | Reached skill level 6 in Unarmed Combat
  2330 | D:4      | Found a runed door.
  2563 | D:4      | Noticed Crazy Yiuf
  2570 | D:4      | Killed Crazy Yiuf
  2570 | D:4      | Reached XP level 7. HP: 52/67 MP: 6/6
  2623 | D:4      | Noticed Sigmund
  2630 | D:4      | Killed Sigmund
  2658 | D:4      | Noticed Robin
  2673 | D:4      | Killed Robin
  2962 | D:4      | Reached skill level 7 in Unarmed Combat
  2980 | D:5      | Entered Level 5 of the Dungeon
  3084 | D:5      | Reached XP level 8. HP: 76/78 MP: 7/7
  3149 | D:5      | Gained mutation: You are robust. (+10% HP) [potion of mutation]
  3149 | D:5      | Gained mutation: You have a pair of small antennae on your head. [potion of mutation]
  3535 | D:6      | Found a sacrificial altar of Ru.
  3643 | D:6      | Reached skill level 8 in Unarmed Combat
  3996 | D:6      | Found a staircase to the Ecumenical Temple.
  4005 | Temple   | Entered the Ecumenical Temple
  4056 | Temple   | Became a worshipper of Trog the Wrathful
  4056 | Temple   | Reached * piety under Trog
  4056 | Temple   | Reached ** piety under Trog
  4138 | D:6      | Found Kuruoh's Assorted Antiques.
  4141 | D:6      | Bought a scroll of identify for 42 gold pieces
  4141 | D:6      | Bought a dented golden amulet for 105 gold pieces
  4449 | D:7      | Reached skill level 9 in Unarmed Combat
  4457 | D:7      | Reached skill level 5 in Fighting
  4457 | D:7      | Reached XP level 9. HP: 81/95 MP: 5/8
  5171 | D:8      | Noticed a two-headed ogre
  5184 | D:8      | Killed a two-headed ogre
  5184 | D:8      | Reached skill level 5 in Dodging
  5184 | D:8      | Reached skill level 10 in Unarmed Combat
  5390 | D:8      | Noticed a two-headed ogre
  5399 | D:8      | Killed a two-headed ogre
  5442 | D:8      | Lost mutation: You are robust. (+10% HP) [potion of mutation]
  5442 | D:8      | Lost mutation: You have a pair of small antennae on your head. [potion of mutation]
  5442 | D:8      | Gained mutation: You are occasionally teleported next to monsters. [potion of mutation]
  5442 | D:8      | Gained mutation: You are clumsy. (Dex -2) [potion of mutation]
  5442 | D:8      | Gained mutation: You are dopey. (Int -2) [potion of mutation]
  5442 | D:8      | Lost mutation: You are dopey. (Int -2) [potion of mutation]
  5460 | D:8      | Noticed a two-headed ogre
  5467 | D:8      | Killed a two-headed ogre
  5467 | D:8      | Reached skill level 11 in Unarmed Combat
  5467 | D:8      | Reached XP level 10. HP: 56/97 MP: 2/9
  5764 | D:8      | Found a deep blue altar of Sif Muna.
  5910 | D:8      | Noticed a two-headed ogre
  5917 | D:8      | Killed a two-headed ogre
  5968 | D:8      | Reached *** piety under Trog
  6225 | D:9      | Lost mutation: You are clumsy. (Dex -2) [mutagenic meat]
  6226 | D:9      | Gained mutation: You have a pair of small antennae on your head. [mutagenic meat]
  6227 | D:9      | Gained mutation: You are somewhat resistant to further mutation. [mutagenic meat]
  6289 | D:9      | Found a staircase to the Lair.
  6289 | D:9      | Noticed Pikel
  6446 | D:9      | Killed Pikel
  6710 | D:9      | Reached skill level 12 in Unarmed Combat
  7234 | D:10     | Entered Level 10 of the Dungeon
  7248 | D:10     | Reached XP level 11. HP: 79/106 MP: 8/10
  7250 | D:10     | Reached **** piety under Trog
  7584 | D:10     | Noticed a two-headed ogre
  7589 | D:10     | Killed a two-headed ogre
  7610 | D:10     | Noticed a two-headed ogre
  7618 | D:10     | Killed a two-headed ogre
  7746 | D:10     | You fall through a shaft!
  7937 | Lair:1   | Entered Level 1 of the Lair of Beasts
  8288 | Lair:1   | Reached skill level 13 in Unarmed Combat
  8716 | Lair:1   | Noticed Glitchraptor's ghost (novice MiFi)
  8742 | Lair:1   | Killed Glitchraptor's ghost
  9065 | Lair:2   | Noticed a queen ant
  9078 | Lair:2   | Reached ***** piety under Trog
  9087 | Lair:2   | Killed a queen ant
  9087 | Lair:2   | Reached XP level 12. HP: 70/118 MP: 6/11
 10018 | Lair:3   | Reached skill level 14 in Unarmed Combat
 10358 | Lair:3   | Noticed Fannar
 10377 | Lair:3   | Killed Fannar
 10743 | Lair:3   | Found a staircase to the Shoals.
 10772 | Lair:3   | Noticed a seven-headed hydra
 10780 | Lair:3   | HP: 7/178 [eight-headed hydra (10)]
 10781 | Lair:3   | Killed an eight-headed hydra
 11687 | Lair:4   | Found a staircase to the Snake Pit.
 11901 | Lair:4   | Reached skill level 15 in Unarmed Combat
 11901 | Lair:4   | Reached XP level 13. HP: 94/128 MP: 9/12
 12951 | Lair:5   | Reached skill level 10 in Dodging
 13384 | Lair:6   | Entered Level 6 of the Lair of Beasts
 13479 | Lair:6   | Reached skill level 1 in Armour
 13923 | Lair:5   | Reached skill level 16 in Unarmed Combat
 14156 | Lair:6   | HP: 4/131 [komodo dragon (6)]
 14165 | Lair:5   | Mangled by a komodo dragon

Skill      XL: |  1  2  3  4  5  6  7  8  9 10 11 12 13 |
---------------+----------------------------------------+-----
Unarmed Combat | 4 5 6 7 9 11 12 13 15 16 | 16.0
Dodging        | 3 4 6 7 8 9 10 | 10.4
Fighting       | 3 4 5 6 7 8 9 |  9.3
Stealth        | 2 3 4 |  4.7
Armour         | 3 |  3.3

Action                   |  1- 3 |  4- 6 |  7- 9 | 10-12 | 13-15 || total
-------------------------+-------+-------+-------+-------+-------++-------
Melee: Unarmed           |    69 |   169 |   212 |   708 |   280 ||  1438
       Punch             |       |     1 |     9 |    46 |    19 ||    75
Invok: Berserk           |       |       |     3 |     9 |     4 ||    16
       Burn Spellbooks   |       |       |     1 |       |     2 ||     3
       Brothers in Arms  |       |       |       |     5 |     6 ||    11
Evoke: Wand              |       |       |       |       |     1 ||     1
  Use: Scroll            |     3 |     1 |     7 |    14 |       ||    25
       Potion            |     1 |     6 |     4 |     2 |     7 ||    20
 Stab: Sleeping          |     2 |     2 |     4 |    10 |     4 ||    22
       Distracted        |       |       |     1 |     2 |       ||     3
  Eat: Chunk             |     7 |    22 |    28 |    75 |    24 ||   156
       Fruit             |       |       |       |     6 |       ||     6
Armor: Robe              |    21 |    49 |     9 |    23 |    22 ||   124
       Animal skin       |       |       |    51 |    98 |       ||   149
       Swamp dragon scal |       |       |       |       |    85 ||    85
Dodge: Dodged            |    45 |   102 |   116 |   410 |   236 ||   909
